 Dungeon Crawl Stone Soup version 0.24-a0-487-g57318f2ed0 (webtiles) character file.

Game seed: 14559233270791143049

7 Gargoyl the Skirmisher (level 1, -17/19 HPs)
             Began as a Centaur Abyssal Knight on July 11, 2019.
             Was a Follower of Lugonu.
             Killed from afar by a wretched star (36 damage)
             ... with an orb of energy
             ... on level 2 of the Abyss.
             The game lasted 00:00:28 (145 turns).

Gargoyl the Skirmisher (Centaur Abyssal Knight)      Turns: 145, Time: 00:00:29

Health: -17/19     AC:  4    Str: 14    XL:     1   Next: 91%
Magic:  2/2        EV:  9    Int: 11    God:    Lugonu [*.....]
Gold:   33         SH:  0    Dex:  4    Spells: 0/0 levels left

rFire    . . .     SeeInvis .   a - +1 hand axe
rCold    . . .     Gourm    .   (no shield)
rNeg     . . .     Faith    .   b - +0 leather armour
rPois    .         Spirit   .   (no helmet)
rElec    .         Reflect  .   (no cloak)
rCorr    .         Harm     .   (no gloves)
MR       .....     Rnd*Tele +   (no barding)
Stlth    ..........             (no amulet)
HPRegen  0.06/turn              (no ring)
MPRegen  0.08/turn              (no ring)

@: very quick
A: large, hooves 3, [clumsy 2], deformed body, speed 2, [low mp 2],
[teleportitis 2], tough skin 3
a: Depart the Abyss, Renounce Religion


You were on level 2 of the Abyss.
You worshipped Lugonu.
Lugonu was aware of your devotion.
You were not hungry.

You visited 0 branches of the dungeon, and saw 0 of its levels.
You visited the Abyss 1 time.

You collected 33 gold pieces.

Inventory:

Hand Weapons
 a - a +1 hand axe (weapon)
Armour
 b - a +0 leather armour (worn)
Wands
 e - a wand of iceblast (8)
Scrolls
 f - a scroll of identify {unknown}
Potions
 d - 3 potions of heal wounds {unknown}
Comestibles
 c - 2 rations


   Skills:
 + Level 3.3 Fighting
 + Level 1.9 Axes
 + Level 1.5 Armour
 + Level 0.6 Dodging
 + Level 2.1 Invocations


You couldn't memorise any spells.
You didn't know any spells.
Your spell library was empty.

Dungeon Overview and Level Annotations

Branches:
Dungeon (0/15)

Altars:


Innate Abilities, Weirdness & Mutations

You have hooves in place of feet.
Armour fits poorly on your strangely shaped body.
You cover ground very quickly.
You have extremely tough skin. (AC +3)
[You are very clumsy. (Dex -4)]
[Your magical capacity is very low. (-20% MP)]
[You are sometimes teleported next to monsters.]


Message History

A wretched star comes into view.
f - a scroll labeled TOUSAOSADA
There are no items here.
The wretched star pulses with an eldritch light!
You feel less energetic. x2; You feel clumsy. x2
Unknown command.
You hit the shadow imp. You kick the shadow imp.
You kill the shadow imp!
The wretched star pulses with an eldritch light!
You feel weirdly uncertain.
You feel even more weirdly uncertain.
Aiming: Iceblast
Press: ? - help, Shift-Dir - straight line, f - wretched star
Aim: a wretched star The mass of ice explodes!
The iceblast engulfs the wretched star!
The wretched star partially resists.
The wretched star is lightly damaged.
The wretched star glows turbulently.
The orb of energy hits you!!!
Ouch! That really hurt!
You die...

#...#.......
. .. ... .
#..... ....
. ......#. .
..#.###
#.#..#.. .#
##.###.# ##.
..# . # ##
.#### .
###..#.... #
#.##.##.#.#
. .. ## .
#.#. #.#
...#.#.##..#
#. .#.###...
.#.# . .
#..##@##.
..#.# #..#
#..##.*...##
# ## # # . #
.....####
... .
*..#...# #
##. # ##....
..# ##
.#...#. .
#.#....#.
..##.#. .
.#.


You could see a wretched star.

Vanquished Creatures
  A shadow imp (Abyss:2)
1 creature vanquished.

Notes
Turn   | Place    | Note
-------+----------+-------------------------------------------
     0 | Abyss:1  | Gargoyl the Centaur Abyssal Knight began the quest for the
                  | Orb.
     0 | Abyss:1  | Reached XP level 1. HP: 19/19 MP: 2/2
     0 | Abyss:1  | Found a corrupted altar of Lugonu.
   133 | Abyss:2  | Noticed a wretched star
   145 | Abyss:2  | Killed from afar by a wretched star

Levels and vault maps discovered:
Abyss:2

Action                   || total
-------------------------++-------
Melee: Hand axe          ||     1
       Kick              ||     1
Evoke: Wand              ||     1
  Use: Scroll            ||     1

Table legend:
 A = Non-vault XP
 B = Vault XP
 C = Vault XP percentage of total XP
 D = Non-vault monster count
 E = Vault monster count
 F = Vault count percentage of total count
                 A         B        C        D         E       F
            +---------+---------+-------+---------+---------+-------
      Total |      11 |       0 |   0.0 |       1 |       0 |   0.0
            +---------+---------+-------+---------+---------+-------
    Abyss:2 |      11 |       0 |   0.0 |       1 |       0 |   0.0
            +---------+---------+-------+---------+---------+-------
